[Event "*** Titled Tuesday Blitz"]
[Site "Chess.com"]
[Date "2020.12.01"]
[Round "2"]
[White "HajduIstvanCM"]
[Black "Sanan_Sjugirov"]
[Result "0-1"]
[WhiteElo "1760"]
[BlackElo "2883"]
[TimeControl "180+1"]
[EndTime "10:15:00 PST"]
[Termination "Sanan_Sjugirov won by checkmate"]

1. e4 c5 2. Nf3 e6 3. c4 Nc6 4. d4 cxd4 5. Nxd4 Nf6 6. Nc3 Bb4 7. Nxc6 bxc6 8. Bd3 e5 9. O-O O-O 10. Bg5 h6 11.
Bh4 d6 12. Rc1 Bc5 13. h3 Be6 14. Qe2 Rb8 15. Rcd1 g5 16. Bg3 Kg7 17. b3 Bd4 18. Nb1 h5 19. Kh1 h4 20. Bh2 g4 21. hxg4 Nxg4 22.
Bg1 h3 23. f3 hxg2+ 24. Qxg2 Qh4+ 25. Bh2 Qxh2+ 26. Qxh2 Nxh2 27. Kxh2 Kf6 28. f4 Rh8+ 29. Kg2 Rbg8+ 30. Kf3 Rh3+ 31. Ke2 Rg2+ 32. Ke1 Re3+ 33.
Be2 Rexe2# 0-1

[Event "*** Titled Tuesday Blitz"]
[Site "Chess.com"]
[Date "2020.12.01"]
[Round "2"]
[White "MPGM"]
[Black "ChessteacherPalmS"]
[Result "1-0"]
[WhiteElo "2632"]
[BlackElo "2307"]
[TimeControl "180+1"]
[EndTime "10:15:01 PST"]
[Termination "MPGM won by resignation"]

1. d4 e6 2. c4 Nf6 3. Nc3 d5 4.
cxd5 exd5 5. Bg5 Be7 6. e3 O-O 7. Bd3 c6 8. Nge2 Nbd7 9. O-O Re8 10. f3 Nh5 11. Bxe7 Qxe7 12. e4 g6 13. e5 Nb6 14.
f4 Bg4 15. f5 f6 16. fxg6 fxe5 17. gxh7+ Kh8 18. Bf5 Bxe2 19. Nxe2 Ng7 20. dxe5 Qc5+ 21. Kh1 Rxe5 22. Bd3 Rae8 23. Nf4 Re4 24. Bxe4 Rxe4 25. Qg4 Kxh7 26. Qg6+ Kg8 27. Nh5 Qe7 28. Nf6+ 1-0

[Event "*** Titled Tuesday Blitz"]
[Site "Chess.com"]
[Date "2020.12.01"]
[Round "2"]
[White "brunomorado"]
[Black "Nachsueb"]
[Result "1-0"]
[WhiteElo "2409"]
[BlackElo "2172"]
[TimeControl "180+1"]
[EndTime "10:15:02 PST"]
[Termination "brunomorado won by resignation"]

1. d4 Nf6 2. Nc3 d5 3. Bg5 e6 4. e4 Be7 5. e5 Nfd7 6. Bxe7 Qxe7 7. f4 a6 8. Nf3 c5 9. Qd2 Nc6 10.
O-O-O b5 11. dxc5 Nxc5 12. Bd3 Bb7 13. Ne2 Rc8 14. Kb1 Nxd3 15. cxd3 O-O 16. Ned4 Qc5 17.
Qe3 a5 18. g4 a4 19. f5 f6 20. Rhe1 fxe5 21. Nxe6 Qxe3 22. Rxe3 Rfe8 23. Nxe5 Nxe5 24. Rxe5 d4 25. Rxb5 Bf3 26. Re1 Bxg4 27. Re4 Bxf5 28. Rxf5 Rc6 29. Nxd4 Rec8 1-0

[Event "*** Titled Tuesday Blitz"]
[Site "Chess.com"]
[Date "2020.12.01"]
[Round "2"]
[White "SlavenPastar"]
[Black "Rainmond"]
[Result "0-1"]
[WhiteElo "2506"]
[BlackElo "2804"]
[TimeControl "180+1"]
[EndTime "10:15:03 PST"]
[Termination "Rainmond won by resignation"]

1. d4 Nf6 2. c4 e6 3. Nf3 b6 4. Nc3 Bb4 5. Bg5 h6 6. Bh4 g5 7. Bg3 Ne4 8. Qc2 Bb7 9. e3 d6 10. Bd3 f5 11. O-O-O Bxc3 12. bxc3 Nd7 13. d5 Ndc5 14.
Nd4 exd5 15. Nxf5 Qf6 16. Nd4 Nxd3+ 17. Rxd3 Nc5 18. cxd5 Bxd5 19. Nb5 Be4 20. Nxc7+ Kd7 21. Nxa8 Bxd3 22. Qd1 Qxc3+ 0-1

[Event "*** Titled Tuesday Blitz"]
[Site "Chess.com"]
[Date "2020.12.01"]
[Round "2"]
[White "garicradomir"]
[Black "Astaneh"]
[Result "0-1"]
[WhiteElo "2299"]
[BlackElo "2612"]
[TimeControl "180+1"]
[EndTime "10:15:09 PST"]
[Termination "Astaneh won by checkmate"]

1. e4 c6 2. d4 d5 3. e5 c5 4. dxc5 Nc6 5. Nf3 Bg4 6. Bb5 e6 7. O-O Bxc5 8. h3 Bh5 9. Nbd2 Ne7 10. Nb3 Bb6 11. Bg5 h6 12. Bxc6+ bxc6 13. Bf4 g5 14. Bg3 Nf5 15. Kh2 g4 16. Nfd4 Nxd4 17. Nxd4 c5 18. Nb5 Qg5 19. Nd6+ Kf8 20. h4 Qe7 21. a4 a6 22. a5 Ba7 23. Ra4 c4 24. Rb4 Rb8 25. Qd2 Kg7 26. c3 Rxb4 27. cxb4 Rb8 28. Bf4 Qxh4+ 29. Kg1 g3 30. Be3 Qh2# 0-1

[Event "*** Titled Tuesday Blitz"]
[Site "Chess.com"]
[Date "2020.12.01"]
[Round "2"]
[White "hleol"]
[Black "Fandorine"]
[Result "0-1"]
[WhiteElo "2328"]
[BlackElo "2847"]
[TimeControl "180+1"]
[EndTime "10:15:11 PST"]
[Termination "Fandorine won by checkmate"]

1. d4 Nf6 2. c4 e6 3. Nc3 Bb4 4. e3 d5 5. a3 Bxc3+ 6. bxc3 c6 7. cxd5 cxd5 8. Bd3 O-O 9. Ne2 b6 10. O-O Ba6 11. Ng3 Qc8 12. Bxa6 Nxa6 13. Qd3 Nb8 14. f3 Qa6 15. Qd2 Nc6 16. e4 Na5 17. e5 Ne8 18. Qg5 f6 19. Qg4 f5 20. Qg5 Rf7 21.
Nh5 Rc8 22. Bd2 Nb3 23. Ra2 Nxd2 24. Rxd2 Qxa3 25. Nf4 Qe7 26. Qg3 Rxc3 27. Ra1 Nc7 28. Rxa7 Rc1+ 29. Kf2 Qb4 30. Raa2 Ra1 31. Rac2 Qb1 32.
Qg5 Qe1# 0-1

[Event "*** Titled Tuesday Blitz"]
[Site "Chess.com"]
[Date "2020.12.01"]
[Round "2"]
[White "maheswaran26"]
[Black "kasparicy"]
[Result "1-0"]
[WhiteElo "2138"]
[BlackElo "2363"]
[TimeControl "180+1"]
[EndTime "10:15:12 PST"]
[Termination "maheswaran26 won by resignation"]

1. d4 Nf6 2. Nf3 g6 3. c4 Bg7 4. Nc3 d5 5. cxd5 Nxd5 6. e4 Nxc3 7. bxc3 c5 8. Rb1 O-O 9. Be2 cxd4 10. cxd4 b6 11.
O-O Bb7 12. Qd3 Nd7 13. Rd1 Rc8 14. Bb2 Nf6 15. d5 Re8 16. Nd2 e6 17. d6 e5 18. a4 Nd7 19. Nb3 Bc6 20. a5 bxa5 21.
Ba3 a4 22. Nc5 Nxc5 23. Bxc5 Qd7 24. h3 Bf8 25. Bg4 f5 26. exf5 e4 27. Qc4+ Kh8 28. Bd4+ Bg7 29. f6 1-0

[Event "*** Titled Tuesday Blitz"]
[Site "Chess.com"]
[Date "2020.12.01"]
[Round "2"]
[White "Sunnika"]
[Black "dhaessel"]
[Result "1-0"]
[WhiteElo "2334"]
[BlackElo "1850"]
[TimeControl "180+1"]
[EndTime "10:15:12 PST"]
[Termination "Sunnika won by resignation"]

1. d4 Nf6 2. Nf3 g6 3. Bf4 Bg7 4. Nc3 d5 5. e3 O-O 6. Ne5 c5 7. Be2 cxd4 8. exd4 Nc6 9. Nxc6 bxc6 10. O-O a5 11.
Na4 Ba6 12. Nc5 Bxe2 13. Qxe2 Nd7 14. Nxd7 Qxd7 15. c3 a4 16. Rfe1 e6 17. Be5 Rfc8 18. Bxg7 Kxg7 19. Qe5+ Kg8 20. h4 h5 21. g4 hxg4 22. h5 Kh7 23. Kg2 f5 24. Qf6 Qg7 25. hxg6+ Kg8 26. Qxe6+ Kf8 27. Qxf5+ Kg8 28. Qe6+ Kf8 29.
Qd6+ Kg8 30. Re7 1-0

[Event "*** Titled Tuesday Blitz"]
[Site "Chess.com"]
[Date "2020.12.01"]
[Round "2"]
[White "adriangschnitzer"]
[Black "Blitzstream"]
[Result "0-1"]
[WhiteElo "2487"]
[BlackElo "2771"]
[TimeControl "180+1"]
[EndTime "10:15:13 PST"]
[Termination "Blitzstream won by resignation"]

1. e4 d5 2. exd5 Qxd5 3. Nf3 Bg4 4. Be2 Nc6 5. h3 Bxf3 6. Bxf3 Qd7 7. O-O O-O-O 8. b4 e5 9. b5 Nd4 10. Nc3 f5 11. Re1 e4 12. Be2 Nf6 13. Bb2 Bc5 14. Bc4 Qd6 15. Ne2 Nf3+ 16. gxf3 Bxf2+ 17. Kxf2 Qh2+ 18. Kf1 Qxh3+ 19. Kg1 exf3 20. Be6+ Kb8 21. Nf4 Qg3+ 22. Kf1 Ng4 23. Re2 fxe2+ 24. Qxe2 Qxf4+ 25. Kg1 Rxd2 0-1

[Event "*** Titled Tuesday Blitz"]
[Site "Chess.com"]
[Date "2020.12.01"]
[Round "2"]
[White "pedromartinez91"]
[Black "Tejas_Rama"]
[Result "1-0"]
[WhiteElo "2436"]
[BlackElo "2225"]
[TimeControl "180+1"]
[EndTime "10:15:13 PST"]
[Termination "pedromartinez91 won by resignation"]

1. Nf3 Nf6 2. b3 d5 3. Bb2 c5 4. e3 Bf5 5. Bb5+ Nc6 6. Ne5 Qc7 7.
g4 Be6 8. f4 a6 9. Bxc6+ bxc6 10. g5 Ne4 11. d3 Nd6 12. Nd2 f6 13. Nef3 Nf5 14. Qe2 Bf7 15. e4 Nd6 16. gxf6 gxf6 17.
e5 fxe5 18. Nxe5 Bg7 19. O-O-O Nf5 20. Nxf7 Kxf7 21. Qh5+ Kg8 22. Qxf5 Rf8 23. Qe6+ Rf7 24. Rhg1 Qxf4 25. Rxg7+ 1-0

[Event "*** Titled Tuesday Blitz"]
[Site "Chess.com"]
[Date "2020.12.01"]
[Round "2"]
[White "yoelpolanco"]
[Black "Gerasimenyuk_Miha"]
[Result "1-0"]
[WhiteElo "2229"]
[BlackElo "2407"]
[TimeControl "180+1"]
[EndTime "10:15:18 PST"]
[Termination "yoelpolanco won by resignation"]

1. c4 e5 2. Nc3 Nc6 3. Nf3 Bc5 4. a3 a6 5. e4 Ba7 6. d3 d6 7. Be3 Bxe3 8. fxe3 Nge7 9. Be2 O-O 10. O-O f5 11.
exf5 Bxf5 12. Qd2 Bg4 13. b4 Bxf3 14. Bxf3 Qd7 15. Qe2 Ng6 16. Rab1 Rae8 17. Nd5 Nce7 18. Nxe7+ Qxe7 19. Bxb7 Kh8 20. Bc6 Rb8 21. a4 Qg5 22. Rxf8+ Rxf8 23. b5 a5 24. Rf1 Rd8 25. Rf7 h5 26. Rxc7 h4 27. b6 h3 28. b7 hxg2 29.
Rc8 Ne7 30. Rxd8+ 1-0

[Event "*** Titled Tuesday Blitz"]
[Site "Chess.com"]
[Date "2020.12.01"]
[Round "2"]
[White "nocnypako"]
[Black "jefferyx"]
[Result "1-0"]
[WhiteElo "2576"]
[BlackElo "2907"]
[TimeControl "180+1"]
[EndTime "10:15:19 PST"]
[Termination "nocnypako won by resignation"]

1. d4 Nf6 2. c4 c5 3. d5 b5 4. Nf3 g6 5. cxb5 a6 6. b6 Bg7 7. Nc3 O-O 8. a4 a5 9. e4 d6 10.
Bb5 Qxb6 11. O-O e6 12. Nd2 exd5 13. exd5 Na6 14. Nc4 Qc7 15. Bf4 Rd8 16. Bc6 Rb8 17. Nb5 Rxb5 18. axb5 Nb4 19. b6 Qb8 20. Rxa5 Bb7 21.
Bxd6 Rxd6 22. Bxb7 Qxb7 23. Nxd6 Qxb6 24. Nc4 Qb7 25.
d6 Nd7 26. Qa4 Nc6 27. Rb5 Qc8 28. Nb6 Qd8 29. Nxd7 Qxd7 30. Rb6 1-0

[Event "*** Titled Tuesday Blitz"]
[Site "Chess.com"]
[Date "2020.12.01"]
[Round "2"]
[White "Ranindu2003"]
[Black "annacramling"]
[Result "1-0"]
[WhiteElo "2595"]
[BlackElo "2129"]
[TimeControl "180+1"]
[EndTime "10:15:20 PST"]
[Termination "Ranindu2003 won by resignation"]

1. e4 c5 2. Nf3 e6 3. d4 cxd4 4. Bg5 Nf6 5. e5 h6 6. Bh4 g5 7. Bg3 Bb4+ 8. c3 dxc3 9. bxc3 Qa5 10. cxb4 Qxb4+ 11. Nbd2 Nd5 12. Bc4 Nb6 13. Be2 Nc6 14. O-O Nd5 15. Rb1 Qe7 16. Ne4 O-O 17. Bc4 Nb6 18.
Qd3 Nxc4 19. Nf6+ 1-0

[Event "*** Titled Tuesday Blitz"]
[Site "Chess.com"]
[Date "2020.12.01"]
[Round "2"]
[White "Aleksey_Sorokin"]
[Black "ikhasu"]
[Result "1-0"]
[WhiteElo "2829"]
[BlackElo "2411"]
[TimeControl "180+1"]
[EndTime "10:15:22 PST"]
[Termination "Aleksey_Sorokin won by resignation"]

1. d4 Nf6 2. c4 c5 3. d5 b5 4.
cxb5 a6 5. bxa6 Bxa6 6. Nc3 g6 7. Nf3 Bg7 8. e4 Bxf1 9. Kxf1 d6 10. g3 O-O 11.
Kg2 Qb6 12. a4 Na6 13. Qe2 Rfb8 14. Bd2 Nd7 15. Rhb1 Nc7 16. b3 Qa6 17. Qd1 Qd3 18. Ne1 Qd4 19. Qe2 Ne5 20. f4 Nd7 21. Nc2 Qf6 22. Ne3 Qd4 23. e5 dxe5 24. Nc2 exf4 25.
Nxd4 cxd4 1-0

[Event "*** Titled Tuesday Blitz"]
[Site "Chess.com"]
[Date "2020.12.01"]
[Round "2"]
[White "Make_it_shine060"]
[Black "Forantes"]
[Result "0-1"]
[WhiteElo "2117"]
[BlackElo "2388"]
[TimeControl "180+1"]
[EndTime "10:15:22 PST"]
[Termination "Forantes won by resignation"]

1. d4 Nf6 2. c4 g6 3. Nc3 d5 4. Bg5 Ne4 5. Bh4 Nxc3 6. bxc3 dxc4 7. e3 b5 8. Qb1 c6 9. a4 a6 10. axb5 cxb5 11. Nf3 Bb7 12. Be2 Bg7 13. O-O O-O 14. Nd2 Re8 15. Nxc4 Nc6 16. Nd2 Rc8 17. Bf3 Qd7 18. Qb2 e6 19. Rfd1 Ne7 20. Bxb7 Qxb7 21. c4 Nf5 22. Bg3 Nxg3 23. hxg3 Rc6 24.
cxb5 axb5 25. Ne4 Rec8 26. Rdb1 Rc2 27. Qxb5 Qxe4 28. Ra7 Qf5 29. Rf1 Qxb5 0-1

[Event "*** Titled Tuesday Blitz"]
[Site "Chess.com"]
[Date "2020.12.01"]
[Round "2"]
[White "nochewycandy"]
[Black "VladimirBelous"]
[Result "0-1"]
[WhiteElo "2519"]
[BlackElo "2827"]
[TimeControl "180+1"]
[EndTime "10:15:23 PST"]
[Termination "VladimirBelous won by resignation"]

1. c4 c5 2. g3 g6 3. Bg2 Bg7 4. Nc3 Nc6 5. a3 d6 6. Rb1 Bf5 7. d3 Qd7 8. Bd2 Nf6 9. b4 O-O 10. h3 cxb4 11. axb4 a5 12. bxa5 Nxa5 13. Nf3 Rfc8 14.
Nd4 Nd5 15. Nxd5 Bxd4 16. Bxa5 Rxa5 17. Rxb7 Qxb7 18. Nf6+ Bxf6 19. Bxb7 Rb8 20. O-O Rxb7 21. Kg2 Ra1 22. Qc2 Bxh3+ 23. Kxh3 Rxf1 24. Qa4 Kg7 25. Kg2 Rbb1 26. e3 Rg1+ 27. Kf3 Rb2 28. d4 Rf1 29. Ke4 Rfxf2 30. c5 dxc5 31. dxc5 Rbc2 32. c6 Rc3 33. Qb5 Rfc2 34. Kd5 Rxc6 35. Qxc6 Rxc6 0-1

[Event "*** Titled Tuesday Blitz"]
[Site "Chess.com"]
[Date "2020.12.01"]
[Round "2"]
[White "FairChess_on_YouTube"]
[Black "albi1999"]
[Result "1-0"]
[WhiteElo "2993"]
[BlackElo "2576"]
[TimeControl "180+1"]
[EndTime "10:15:25 PST"]
[Termination "FairChess_on_YouTube won by resignation"]

1. c4 e5 2. b3 Nc6 3. Bb2 g6 4. Nf3 Bg7 5. e3 Nge7 6. d4 exd4 7.
Nxd4 O-O 8. Be2 Nxd4 9. Bxd4 d5 10. Bxg7 Kxg7 11. Qc1 dxc4 12. Qxc4 Be6 13. Qc3+ Kg8 14. O-O Nd5 15. Qb2 Qf6 16. Qxf6 Nxf6 17. Nc3 Rfd8 18.
Rfd1 Nd5 19. Nxd5 Bxd5 20. f3 c5 21. Kf2 Kf8 22. e4 Be6 23. Ke3 Ke7 24. f4 f6 25.
g4 Rxd1 26. Rxd1 Rd8 27. Rh1 a6 28. h4 b5 29. g5 f5 30. h5 Rd4 31. Bf3 fxe4 32.
hxg6 hxg6 33. Bxe4 Bd5 34. Rh7+ Ke6 35. Bxg6 1-0

[Event "*** Titled Tuesday Blitz"]
[Site "Chess.com"]
[Date "2020.12.01"]
[Round "2"]
[White "MartinMatthiesen"]
[Black "Road2GM3000"]
[Result "1-0"]
[WhiteElo "2388"]
[BlackElo "2122"]
[TimeControl "180+1"]
[EndTime "10:15:25 PST"]
[Termination "MartinMatthiesen won by resignation"]

1. d4 d5 2. c4 e6 3. Nc3 c6 4.
e3 Nf6 5. Nf3 Bd6 6. Qc2 Nbd7 7.
b3 O-O 8. Be2 e5 9. cxd5 Nxd5 10. Nxd5 cxd5 11. dxe5 Nxe5 12. Bb2 Nxf3+ 13. Bxf3 Bb4+ 14.
Bc3 Bf5 15. Qd2 Bxc3 16. Qxc3 Rc8 17. Qb4 Be4 18. Bxe4 dxe4 19. O-O Qd5 20. Rfd1 Qc6 21. Rd6 Qc1+ 22. Rd1 Qc6 23. h3 Rc7 24. Rd6 Qc2 25. Rad1 h6 26. R6d2 Qc6 27. Rd6 Qc2 28. R1d2 Qb1+ 29.
Kh2 Rc1 30. Rd8 Rc8 31. Qxf8+ Kh7 32. Rxc8 1-0

[Event "*** Titled Tuesday Blitz"]
[Site "Chess.com"]
[Date "2020.12.01"]
[Round "2"]
[White "LastHeroJr"]
[Black "Chesswizard_2007"]
[Result "0-1"]
[WhiteElo "2410"]
[BlackElo "2663"]
[TimeControl "180+1"]
[EndTime "10:15:26 PST"]
[Termination "Chesswizard_2007 won by resignation"]

1. e4 d6 2. d4 Nf6 3. Nc3 Nbd7 4. f4 e5 5. Nf3 exd4 6. Nxd4 Be7 7. g3 O-O 8. Bg2 Re8 9. O-O Bf8 10. Re1 c6 11. h3 Qc7 12. Be3 Rb8 13. a4 Nc5 14. Bf2 a5 15.
Kh2 g6 16. Re3 Bg7 17. Qd2 h5 18. Rae1 Bd7 19. e5 dxe5 20. fxe5 Nh7 21. Qe2 Ne6 22. Nf3 Nhg5 23. Nd2 Nd4 24. Rd3 Nxe2 25. Rxe2 Bf5 26.
Rde3 Rxe5 27. Nc4 Rxe3 28. Bxe3 Bxc3 29. Bxg5 Bg7 30. Bf4 Qd8 31. Rd2 Qf8 32. Bxb8 Qxb8 33. c3 h4 0-1

[Event "*** Titled Tuesday Blitz"]
[Site "Chess.com"]
[Date "2020.12.01"]
[Round "2"]
[White "eCztery"]
[Black "NewBornNow"]
[Result "0-1"]
[WhiteElo "2316"]
[BlackElo "2697"]
[TimeControl "180+1"]
[EndTime "10:15:29 PST"]
[Termination "NewBornNow won by resignation"]

1. e4 c5 2. Nf3 d6 3. d4 cxd4 4. Qd3 Nf6 5. Bg5 e5 6. c3 dxc3 7. Nxc3 Nbd7 8. O-O-O a6 9. Nd5 h6 10. Nxf6+ Nxf6 11. Bh4 Be6 12. Kb1 Qa5 13. b3 Nd7 14. g4 Nc5 15. Qc2 Bxg4 16. Be2 Rc8 17. Rhg1 Be6 18.
Bc4 Nxe4 19. Qxe4 Bxc4 20. bxc4 Qb4+ 21. Ka1 Qc3+ 22. Kb1 Rxc4 23. Qxc4 Qxc4 24. Nxe5 Qxh4 25. Nd3 Be7 26. Rge1 O-O 27. Re3 Bf6 28. f4 Qxh2 29.
Rde1 Rc8 30. R1e2 Qh1+ 31. Re1 Qd5 32. a3 Qb3+ 0-1

[Event "*** Titled Tuesday Blitz"]
[Site "Chess.com"]
[Date "2020.12.01"]
[Round "2"]
[White "ukchessbomber"]
[Black "canary2016"]
[Result "1-0"]
[WhiteElo "2351"]
[BlackElo "1997"]
[TimeControl "180+1"]
[EndTime "10:15:31 PST"]
[Termination "ukchessbomber won by checkmate"]

1. d4 d5 2. c4 c6 3. cxd5 cxd5 4. Nc3 Nc6 5. Bf4 Nf6 6. e3 Bf5 7. Qb3 Na5 8. Qa4+ Bd7 9. Qc2 e6 10. Nb5 Bxb5 11. Bxb5+ Nd7 12. Nf3 Bb4+ 13. Ke2 O-O 14. Qa4 Nf6 15. Qxb4 a6 16. Bd3 Nc6 17. Qxb7 Rc8 18.
Bxa6 Qa5 19. Rhc1 Rb8 20. Bxb8 Rxb8 21. Qxb8+ Nxb8 22. Rc8+ Ne8 23. Rxe8# 1-0

[Event "*** Titled Tuesday Blitz"]
[Site "Chess.com"]
[Date "2020.12.01"]
[Round "2"]
[White "champ2005"]
[Black "Yashasd1995"]
[Result "1-0"]
[WhiteElo "3024"]
[BlackElo "2588"]
[TimeControl "180+1"]
[EndTime "10:15:32 PST"]
[Termination "champ2005 won by resignation"]

1. e4 d5 2. exd5 Nf6 3. Bb5+ Bd7 4.
Be2 Nxd5 5. d4 g6 6. Nf3 Bg7 7.
h3 O-O 8. O-O Nb6 9. c4 Nc6 10.
Nc3 e5 11. d5 Ne7 12. c5 Nbc8 13. Bg5 f6 14. Be3 Be8 15. Qb3 Bf7 16. Rfd1 b6 17. Qa3 Nf5 18. b4 Nxe3 19. fxe3 f5 20. Ba6 e4 21.
Nd4 Qg5 22. Ncb5 f4 23. exf4 Qxf4 24. Rf1 Qg5 25. Rad1 Bxd5 26. Rxf8+ Bxf8 27. Nxc7 Rb8 28. Nxd5 Qxd5 29. Qc3 bxc5 30. Bc4 1-0

[Event "*** Titled Tuesday Blitz"]
[Site "Chess.com"]
[Date "2020.12.01"]
[Round "2"]
[White "Manukyan_Artak"]
[Black "j2806"]
[Result "1-0"]
[WhiteElo "2360"]
[BlackElo "2056"]
[TimeControl "180+1"]
[EndTime "10:15:32 PST"]
[Termination "Manukyan_Artak won by resignation"]

1. e4 c5 2. Nf3 d6 3. Bb5+ Bd7 4.
Bxd7+ Qxd7 5. c4 Nc6 6. Nc3 e5 7. d3 Nf6 8. Bg5 Be7 9. O-O O-O 10. Rb1 a6 11. a4 h6 12. Bxf6 Bxf6 13. Nd5 Bd8 14.
Ne1 Ne7 15. Nxe7+ Bxe7 16. Nc2 f5 17. exf5 Qxf5 18. Ne3 Qe6 19. Nd5 Rac8 20. b4 Rb8 21. bxc5 dxc5 22. Qe2 Bd6 23. Qe4 Qf5 24. f3 Qxe4 25.
fxe4 Rxf1+ 26. Kxf1 Rf8+ 27. Ke2 Rf7 28. Rb6 Bf8 29.
Re6 Kh7 30. Rxe5 Bd6 31. Rf5 Rxf5 32. exf5 Bxh2 33. g4 Be5 34. Kf3 Kg8 35. Ke4 Bd4 36. Nc7 Kf7 37. Ne6 Bf2 38. Nd8+ Kf6 39. Nxb7 Ke7 40. Kd5 Kf6 41. Nxc5 Kg5 42. Ne4+ Kxg4 43. Nxf2+ Kxf5 44. c5 1-0

[Event "*** Titled Tuesday Blitz"]
[Site "Chess.com"]
[Date "2020.12.01"]
[Round "2"]
[White "Misticpikachu"]
[Black "niki_2003"]
[Result "1-0"]
[WhiteElo "2351"]
[BlackElo "2005"]
[TimeControl "180+1"]
[EndTime "10:15:32 PST"]
[Termination "Misticpikachu won by resignation"]

1. c4 e6 2. Nf3 d5 3. e3 Nf6 4.
Nc3 Be7 5. b3 O-O 6. Bb2 c5 7. cxd5 exd5 8. d4 Nc6 9. Be2 a6 10. O-O b5 11. dxc5 Bxc5 12. Rc1 Qd6 13. Nxd5 Nxd5 14. Qc2 Nxe3 15. Qxc5 Qxc5 16. Rxc5 Nxf1 17.
Rxc6 Bb7 18. Rb6 Bxf3 19. Bxf3 Nd2 20. Bxa8 Rxa8 21. f3 Nb1 22. Rd6 b4 23. Rd1 Nc3 24. Bxc3 bxc3 25. Rc1 Rc8 26. Kf2 Kf8 27. Ke3 Ke7 28. Kd3 Kd6 29. Rxc3 Rxc3+ 30. Kxc3 Kc5 31. b4+ Kb5 32. Kb3 f6 33. a4+ Kb6 34. Kc4 g5 35. g4 h6 36. b5 a5 37. Kd5 Kc7 38. Ke6 Kb6 39. Kxf6 Kc5 40. Kg6 h5 41. Kxh5 Kb6 42. Kxg5 1-0

[Event "*** Titled Tuesday Blitz"]
[Site "Chess.com"]
[Date "2020.12.01"]
[Round "2"]
[White "Omk124"]
[Black "gagtemp"]
[Result "0-1"]
[WhiteElo "2323"]
[BlackElo "1953"]
[TimeControl "180+1"]
[EndTime "10:15:35 PST"]
[Termination "gagtemp won by resignation"]

1. e4 d5 2. exd5 Qxd5 3. Nc3 Qd6 4. d4 Nf6 5. Nf3 a6 6. g3 Bg4 7. Bg2 Nc6 8. Be3 O-O-O 9. O-O e5 10. dxe5 Nxe5 11. Qxd6 Bxd6 12. Nxe5 Bxe5 13. h3 Bf5 14. g4 Bxc2 15. Rac1 Bg6 16. Na4 Kb8 17. Nc5 Nd5 18.
Bxd5 Rxd5 19. f4 Bxb2 20. Rb1 Bxb1 21. Rxb1 Bd4 22. Nxa6+ Kc8 23. Bxd4 Rxd4 24. Nc5 b6 25. Nb3 Rd3 0-1

[Event "*** Titled Tuesday Blitz"]
[Site "Chess.com"]
[Date "2020.12.01"]
[Round "2"]
[White "Vuk2000"]
[Black "Mbneu"]
[Result "1-0"]
[WhiteElo "2719"]
[BlackElo "2319"]
[TimeControl "180+1"]
[EndTime "10:15:37 PST"]
[Termination "Vuk2000 won by checkmate"]

1. d4 Nf6 2. Bg5 c5 3. Bxf6 gxf6 4. d5 b5 5. e4 a6 6. Nf3 Bb7 7. a4 c4 8. Nc3 Qb6 9. Qd4 Qa5 10. Be2 b4 11. Nd1 e5 12. dxe6 dxe6 13. Qxf6 Rg8 14. Ne5 Qc7 15. Bh5 Bg7 16. Bxf7+ Kf8 17. Qxe6 Bxe5 18.
Qe8+ Kg7 19. Qxg8+ Kf6 20. Bxc4 Nd7 21. Qf7+ Kg5 22.
h4+ Kh6 23. Ne3 Bxe4 24. Ng4# 1-0

[Event "*** Titled Tuesday Blitz"]
[Site "Chess.com"]
[Date "2020.12.01"]
[Round "2"]
[White "ARMQUEEN"]
[Black "Aborigen_came"]
[Result "1-0"]
[WhiteElo "2513"]
[BlackElo "2748"]
[TimeControl "180+1"]
[EndTime "10:15:38 PST"]
[Termination "ARMQUEEN won on time"]

1. e4 Nc6 2. Nf3 Nf6 3. Nc3 d5 4. e5 d4 5. exf6 dxc3 6. fxg7 cxd2+ 7. Bxd2 Bxg7 8. c3 Qd5 9. Bf4 Qxd1+ 10. Rxd1 e5 11.
Bg3 Be6 12. Bb5 f6 13. b3 Ke7 14. O-O Rhd8 15. Bh4 e4 16. Bxc6 Rxd1 17. Rxd1 bxc6 18.
Ne5 c5 19. Nc6+ Ke8 20. Bg3 a5 21. Bxc7 1-0

[Event "*** Titled Tuesday Blitz"]
[Site "Chess.com"]
[Date "2020.12.01"]
[Round "2"]
[White "aa175"]
[Black "A-Fier"]
[Result "1-0"]
[WhiteElo "2343"]
[BlackElo "2771"]
[TimeControl "180+1"]
[EndTime "10:15:40 PST"]
[Termination "aa175 won by resignation"]

1. d4 Nf6 2. Bf4 c5 3. e3 Nd5 4. Bg3 Qb6 5. c4 Qxb2 6. cxd5 Qxa1 7. Qc2 Na6 8. Bxa6 bxa6 9. Ne2 d6 10. O-O Rb8 11. dxc5 Qb2 12. Qa4+ Qb5 13. Qc2 Ra8 14. cxd6 exd6 15. Qe4+ Be7 16. Bxd6 Qd7 17. Bc5 Bb7 18.
Nbc3 Rc8 19. Ba3 Kf8 20. Bxe7+ Qxe7 21. Qd4 Qc5 22. Qf4 Bxd5 23. Rd1 Be6 24. Ne4 Qc6 25. Nd6 Rd8 26. Nd4 Qxd6 27. Nxe6+ Ke7 28. Rxd6 Rxd6 29.
Nd4 Rc8 30. Nf5+ Ke8 31. Nxd6+ 1-0

[Event "*** Titled Tuesday Blitz"]
[Site "Chess.com"]
[Date "2020.12.01"]
[Round "2"]
[White "Tactictic"]
[Black "HanSchut"]
[Result "0-1"]
[WhiteElo "2405"]
[BlackElo "2214"]
[TimeControl "180+1"]
[EndTime "10:15:42 PST"]
[Termination "HanSchut won by resignation"]

1. e4 c5 2. Nf3 d6 3. d4 cxd4 4.
Nxd4 Nf6 5. Nc3 a6 6. Be3 e5 7. Nb3 Be6 8. f3 Be7 9. Qd2 Nbd7 10. O-O-O O-O 11. g4 b5 12. g5 b4 13. gxf6 bxc3 14.
Qxc3 Nxf6 15. Na5 Qd7 16. Nc6 Rfc8 17. Nxe7+ Qxe7 18. Qa5 Qb7 19. Rxd6 Nxe4 20. Rxe6 fxe6 21. Qxe5 Nf6 22. Qxe6+ Kh8 23. Qf5 Qd5 24. Bd3 Qxa2 25. c3 Qa1+ 26. Bb1 Rxc3+ 27. bxc3 Qxc3+ 28. Qc2 Qxe3+ 29. Kb2 Rb8+ 30. Ka1 Qe5+ 0-1

[Event "*** Titled Tuesday Blitz"]
[Site "Chess.com"]
[Date "2020.12.01"]
[Round "2"]
[White "LuckSlayeer"]
[Black "ChessWarrior7197"]
[Result "0-1"]
[WhiteElo "2575"]
[BlackElo "2985"]
[TimeControl "180+1"]
[EndTime "10:15:48 PST"]
[Termination "ChessWarrior7197 won on time"]

1. Nf3 d5 2. g3 Nd7 3. d4 Nb6 4. Bg2 Bf5 5. O-O e6 6. b3 Be7 7. Ne5 Nf6 8. c4 c6 9. Nc3 O-O 10. Bf4 Nbd7 11. Qd2 h6 12. Nxd7 Qxd7 13. Be5 Rfd8 14.
c5 Qe8 15. Bxf6 Bxf6 16. f4 b6 17. b4 a5 18. a3 Rdb8 19. e3 bxc5 20. bxc5 Rb3 21.
Bf3 Rab8 22. Ra2 Qc8 23. Bd1 R3b7 24. Be2 Qc7 25. Na4 Bd8 26. Ba6 Rb3 27. Rc1 f6 28.
Be2 e5 29. Bd1 R3b7 30. Nb6 Qe7 31. Rb2 Bxb6 32. cxb6 Rxb6 33. Rxb6 Rxb6 34. Qxa5 exd4 0-1

[Event "*** Titled Tuesday Blitz"]
[Site "Chess.com"]
[Date "2020.12.01"]
[Round "2"]
[White "redbaron8888"]
[Black "SantoBlue"]
[Result "0-1"]
[WhiteElo "2550"]
[BlackElo "2886"]
[TimeControl "180+1"]
[EndTime "10:15:50 PST"]
[Termination "SantoBlue won by checkmate"]

1. e4 e5 2. Nf3 Nc6 3. Bb5 Nf6 4.
O-O Nxe4 5. d4 Nd6 6. dxe5 Nxb5 7. a4 Nbd4 8. Nxd4 d5 9. Nc3 Nxd4 10. Qxd4 c6 11. f4 Bf5 12. Kh1 Qb6 13. Qd1 Bb4 14. Ne2 h5 15. c3 Be7 16. a5 Qa6 17. h3 h4 18. Nd4 Be4 19. Be3 c5 20. Nb3 Qg6 21.
Qd2 Rc8 22. f5 Qg3 23. f6 gxf6 24. exf6 Rg8 25. Rf2 Bd6 26. Kg1 Qxh3 27. Re1 Qh2+ 28. Kf1 c4 29. Nd4 Bd3+ 30. Rfe2 Qxg2# 0-1